 Dungeon Crawl Stone Soup version 0.29-a0-214-g17f627cfee (webtiles) character file.

Game seed: 13396132841729894672

5 fragbeetle the Bolt Thrower (level 1, 0/12 HPs)
             Began as a Tengu Hunter on Feb 25, 2022.
             Slain by a quokka (3 damage)
             ... on level 1 of the Dungeon.
             The game lasted 00:00:20 (160 turns).

fragbeetle the Bolt Thrower (Tengu Hunter)           Turns: 160, Time: 00:00:21

Health: 0/12       AC:  3    Str: 12    XL:     1   Next: 80%
Magic:  2/2        EV: 12    Int: 11    God:
Gold:   31         SH:  0    Dex: 14    Spells: 0/0 levels left

rFire   . . .      SeeInvis .   a - +1 hand crossbow
rCold   . . .      Faith    .   (no shield)
rNeg    . . .      Spirit   .   b - +0 leather armour
rPois   .          Reflect  .   (helmet restricted)
rElec   .          Harm     .   (no cloak)
rCorr   .          Rampage  .   (no gloves)
Will    .....                   (boots unavailable)
Stlth   +.........              (no amulet)
HPRegen 0.04/turn               (no ring)
MPRegen 0.08/turn               (no ring)

@: no status effects
A: beak, talons 3
a: no special abilities


You were on level 1 of the Dungeon.
You visited 1 branch of the dungeon, and saw 1 of its levels.

You collected 31 gold pieces.

Inventory:

Hand Weapons
 a - a +1 hand crossbow (weapon)
Armour
 b - a +0 leather armour (worn)
Potions
 c - a potion of ambrosia {unknown}


   Skills:
 - Level 2.0 Fighting
 + Level 4.7 Crossbows
 - Level 2.1 Dodging
 - Level 1.0 Stealth


You couldn't memorise any spells.
You didn't know any spells.
Your spell library was empty.

Dungeon Overview and Level Annotations

Branches:
Dungeon (1/15)

Altars:


Innate Abilities, Weirdness & Mutations

You have a beak for a mouth.
You have claws for feet.


Message History

A gnoll comes into view. It is wielding a +0 club.
You shoot a bolt. The gnoll shouts!
The bolt hits the rat but does no damage.
The rat is severely wounded.
The rat bites you. The rat closely misses you.
A hobgoblin comes into view.
You shoot a bolt. The hobgoblin shouts!
The bolt hits the rat.
You kill the rat!
You shoot a bolt. The bolt hits the gnoll.
The gnoll is lightly wounded.
You shoot a bolt. The bolt barely misses the gnoll.
The bolt hits the hobgoblin!
You kill the hobgoblin!
You shoot a bolt. The bolt barely misses the gnoll.
The gnoll closely misses you.
A quokka comes into view.
You shoot a bolt. The bolt hits the gnoll.
The gnoll is lightly wounded.
The gnoll barely misses you. The gnoll misses you.
You shoot a bolt. The bolt hits the gnoll!
The gnoll is severely wounded.
The gnoll hits you with a +0 club.
You shoot a bolt. The bolt closely misses the gnoll.
The bolt closely misses the quokka.
The gnoll barely misses you.
You shoot a bolt. The bolt barely misses the gnoll.
The gnoll barely misses you. The gnoll closely misses you.
You shoot a bolt. The bolt hits the gnoll.
The gnoll is almost dead.
The gnoll hits you with a +0 club!
Ouch! That really hurt!
* * * LOW HITPOINT WARNING * * *
You are too injured to fight recklessly!
You are too injured to fight recklessly!
You are too injured to fight recklessly!
You are too injured to fight recklessly!
The quokka bites you.
You die...

######## #.....>######
########.#.........###
........###.#........
########)#.#####.#.# #
##.^.........# ##.###
##...######...#
......###@....#####...#
#......gr.....#.......#
........#........#.####
#.#.#.#.##.......+.#
#....##......#..
#...>..####'##.##
........# ##.##.#
.........###..##.#
#.#.#.#.##.##...##.#


You could see a gnoll and a quokka.

Vanquished Creatures
  An endoplasm (D:1)
  A hobgoblin (D:1)
  A kobold (D:1)
  A ball python (D:1)
  A rat (D:1)
5 creatures vanquished.

Notes
Turn   | Place    | Note
-------+----------+-------------------------------------------
     0 | D:1      | fragbeetle the Tengu Hunter began the quest for the Orb.
     0 | D:1      | Reached XP level 1. HP: 12/12 MP: 2/2
   160 | D:1      | Slain by a quokka

Illustrated notes

Levels and vault maps discovered:
D:1:      dpeg_arrival_renting, layout_loops_ring, minmay_hexomino_r4

Action                   || total
-------------------------++-------
 Fire: Hand crossbow     ||    22
Dodge: Dodged            ||    12

Table legend: (Time is in decaauts)
 A = Elapsed time spent in this place.
 B = Non-inter-level travel time spent in this place.
 C = Inter-level travel time spent in this place.
 D = Time resting spent in this place.
 E = Time spent auto-exploring this place.
 F = Levels seen in this place.
 G = Mean time per level.
                   A        B        C        D        E       F      G
               +--------+--------+--------+--------+--------+-----+--------+
         Total |    166 |    166 |      0 |      0 |    126 |   1 |  166.0 |
       Dungeon |    166 |    166 |      0 |      0 |    126 |   1 |  166.0 |
               +--------+--------+--------+--------+--------+-----+--------+

Top non-repeatable levels by time:
     D:1: 166 daAuts
